 Dungeon Crawl Stone Soup version 0.31-a0-1074-g0b22e4e0f1 (webtiles) character file.

Game seed: 11294653171035524766

2971 Darius099 the Severer (level 9, 0/71 HPs)
             Began as a Minotaur Fighter on Dec 1, 2023.
             Was a Priest of Okawaru.
             Succumbed to Amaemon's poison
             ... on level 8 of the Dungeon.
             The game lasted 00:12:57 (6433 turns).

Darius099 the Severer (Minotaur Fighter)            Turns: 6433, Time: 00:12:57

Health: 0/71       AC: 15    Str: 26    XL:     9   Next: 53%
Magic:  8/8        EV:  7    Int:  5    God:    Okawaru [***...]
Gold:   411        SH:  8    Dex:  9    Spells: 8/8 levels left

rFire   . . .        a - +0 war axe
rCold   + . .        A - +0 kite shield
rNeg    . . .        F - +0 chain mail
rPois   .            (helmet restricted)
rElec   .            x - +0 cloak of Contentment {Rampage rC+}
rCorr   .            q - +0 pair of gloves
SInv    .            (no boots)
Will    +....        (no amulet) Stlth
                     f - +4 ring of protection
HPRegen 0.31/turn    E - +4 ring of slaying
MPRegen 0.11/turn

%: rampage
@: lethally poisoned (0 -> -28), enlightened, flying, studying Staves
A: horns 2, retaliatory headbutt
a: Renounce Religion, Heroism


You were on level 8 of the Dungeon.
You worshipped Okawaru.
Okawaru was most pleased with you.
You visited 1 branch of the dungeon, and saw 8 of its levels.

You collected 411 gold pieces.

Inventory:

Hand Weapons
 a - a +0 war axe (weapon)
Missiles
 G - 5 javelins
Armour
 q - a +0 pair of gloves (worn)
 x - the +0 cloak of Contentment (worn) {Rampage rC+}
   (You found it on level 3 of the Dungeon)

   rC+:       It protects you from cold.
   Rampage:   It bestows one free step when moving towards enemies.
 A - a +0 kite shield (worn)
 F - a +0 chain mail (worn)
Jewellery
 f - a +4 ring of protection (left hand)
 v - a +6 ring of dexterity
 E - a +4 ring of slaying (right hand)
 I - an amulet of reflection
Wands
 c - a wand of mindburst (18)
 u - a wand of digging (8)
 B - a wand of iceblast (11)
Scrolls
 b - a scroll of identify
 h - 3 scrolls of vulnerability
 j - a scroll of torment {unknown}
 n - 3 scrolls of noise
 o - 2 scrolls of amnesia {unknown}
 p - 2 scrolls of blinking
 t - a scroll of butterflies {unknown}
 w - 2 scrolls of fog {unknown}
 y - 3 scrolls of immolation
 H - a scroll of teleportation {unknown}
 J - a scroll of poison {unknown}
Potions
 d - 3 potions of might
 e - 2 potions of curing {unknown}
 g - 2 potions of enlightenment
 i - 2 potions of heal wounds
 k - a potion of ambrosia {unknown}
 l - a potion of lignification {unknown}
 m - 2 potions of haste
 r - 4 potions of invisibility
 s - 2 potions of magic {unknown}
 z - a potion of experience {unknown}
 C - a potion of attraction {unknown}
 D - a potion of degeneration {unknown}


   Skills:
 - Level 3.8 Fighting
 + Level 15.5 Axes
 - Level 3.8 Armour
 - Level 3.8 Shields


You had 8 spell levels left.
You didn't know any spells.
Your spell library contained the following spells:

 Spells                   Type           Power      Damage    Failure   Level
 Slow                     Hex            0%         N/A       99%         1
 Jinxbite                 Hex            0%         N/A       100%        2
 Confusing Touch          Hex            0%         N/A       100%        3
 Dazzling Flash           Conj/Hex       0%         N/A       100%        3
 Sigil of Binding         Hex            0%         N/A       100%        3
 Vampiric Draining        Necr           0%         2d6       100%        3
 Brom's Barrelling Bould  Conj/Erth      0%         2d3       100%        4
 Passage of Golubria      Tloc           0%         N/A       100%        4
 Yara's Violent Unravell  Hex/Tmut       0%         3d3       100%        5
 Polar Vortex             Ice            0%         N/A       100%        9
 Tukima's Dance           Hex            Unusable   N/A       N/A         3
 Simulacrum               Ice/Necr       Unusable   N/A       N/A         6

Dungeon Overview and Level Annotations

Branches:
Dungeon (8/15)             Temple (0/1) D:6
   Lair: D:8-11

Altars:
Dithmenos
Kikubaaqudgha
Nemelex Xobeh
Okawaru
Qazlal
Vehumet
Xom
Yredelemnul

Shops:
D:8 ?

Annotations:
D:4 exclusion: statue
D:8 Amaemon


Innate Abilities, Weirdness & Mutations

You have a pair of horns on your head.
You reflexively headbutt those who attack you in melee.


Message History

The scorpion is lightly wounded.
You feel sick.
The scorpion stings you but does no damage.
You slash the scorpion!
You kill the scorpion!
The scorpion's corpse disappears in a puff of smoke!
You feel sick.
You slash Amaemon! You headbutt Amaemon.
Amaemon is moderately wounded.
You feel sick.
The orange demon stings you but does no damage.
You block Amaemon's attack. Amaemon claws you. Amaemon closely misses you.
You barely miss Amaemon. Your headbutt misses Amaemon.
Amaemon is moderately wounded.
You feel sick. The orange demon completely misses you.
Amaemon hits you with the +8 whip "Snakebite" {venom, curare, rPois}.
* * * LOW HITPOINT WARNING * * *
You block Amaemon's attack. Amaemon closely misses you.
The orange demon stings you but does no damage.
Amaemon hits you with the +8 whip "Snakebite" {venom, curare, rPois}!
* * * LOW HITPOINT WARNING * * *
You are lethally poisoned!
Amaemon claws you but does no damage.
Amaemon tail-slaps you but does no damage.
You feel much better.
* * * LOW HITPOINT WARNING * * *
You feel extremely sick. You block the orange demon's attack.
Amaemon hits you with the +8 whip "Snakebite" {venom, curare, rPois}.
* * * LOW HITPOINT WARNING * * *
You are lethally poisoned!
Amaemon claws you.
* * * LOW HITPOINT WARNING * * *
You block Amaemon's attack. The scorpion stings you.
* * * LOW HITPOINT WARNING * * *
It was a potion of enlightenment.
You feel very buoyant.
You fly up into the air.
You feel yourself speed up.
You die...

.#.#.# #.....# .#.#.#
##.#.###
#.#.###.....###
#.....)...########
####.#.#...#.).......#
#.......#.##########.##
#.........# ...
#.......########## ..#
..............@6.# ..#
#.......#####s##4##.4#
#.......#
#.....#..####.
........#
#.............
####.#..#
#.###.#..####. #.#..#
#.# #.#..# ...... ..#
#.#..# . ... ####
#.#... .....[.


You could see Amaemon, an orange demon (curare) and a scorpion (summoned).

Vanquished Creatures
  3 steam dragons
  Menkaure (D:5)
  2 water moccasins
  An orc warrior (D:7)
  2 ice beasts
  2 ogres
  A centaur (D:5)
  2 phantoms
  A bullfrog (D:8)
  A scorpion (D:6)
  8 wights
  9 killer bees
  2 howler monkeys (D:5)
  A hound (D:6)
  2 orc priests
  A gnoll bouda (D:4)
  2 jellies
  5 iguanas
  A sleepcap (D:5)
  An orc wizard (D:7)
  6 adders
  4 gnolls (D:4)
  A shadow imp (D:5)
  2 white imps (D:5)
  4 worms
  3 dart slugs
  16 orcs
  8 endoplasms
  7 goblins
  5 hobgoblins
  4 jackals (D:1)
  7 kobolds
  7 ball pythons
  3 bats
  4 frilled lizards
  3 rats
132 creatures vanquished.

Notes
Turn   | Place    | Note
-------+----------+-------------------------------------------
     0 | D:1      | Darius099 the Minotaur Fighter began the quest for the Orb.
     0 | D:1      | Reached XP level 1. HP: 19/19 MP: 0/0
    83 | D:1      | Reached XP level 2. HP: 27/27 MP: 1/1
   230 | D:1      | Reached skill level 3 in Axes
   523 | D:1      | Found a faded altar of an unknown god.
  1152 | D:2      | Reached XP level 3. HP: 33/33 MP: 2/2
  1349 | D:2      | Reached skill level 4 in Axes
  2224 | D:3      | Reached XP level 4. HP: 33/40 MP: 3/3
  2337 | D:3      | Got the Folio of the Cursed Serac
  2394 | D:3      | Identified the +0 cloak of Contentment {Rampage rC+}
  2492 | D:3      | Found a shimmering altar of Xom.
  2492 | D:3      | Found a shadowy altar of Dithmenos.
  2495 | D:3      | Found a sparkling altar of Nemelex Xobeh.
  2495 | D:3      | Found an ancient bone altar of Kikubaaqudgha.
  2513 | D:3      | Reached skill level 5 in Axes
  2819 | D:4      | Noticed a phantom
  2826 | D:4      | Killed a phantom
  2827 | D:4      | Reached skill level 6 in Axes
  2827 | D:4      | Reached XP level 5. HP: 41/46 MP: 4/4
  2834 | D:4      | Noticed a phantom
  2854 | D:3      | Killed a phantom
  2855 | D:3      | Reached skill level 7 in Axes
  2855 | D:3      | Reached XP level 6. HP: 20/52 MP: 5/5
  3067 | D:4      | Found a radiant altar of Vehumet.
  3284 | D:5      | Entered Level 5 of the Dungeon
  3298 | D:5      | Reached skill level 8 in Axes
  3328 | D:5      | Noticed an ice beast
  3339 | D:5      | Killed an ice beast
  3455 | D:5      | Got Ixelubics's Excursus on Coarse Charms
  3471 | D:5      | Reached XP level 7. HP: 58/58 MP: 6/6
  3484 | D:5      | Found an iron altar of Okawaru.
  3538 | D:5      | Reached skill level 9 in Axes
  3774 | D:5      | Noticed Menkaure
  3785 | D:5      | Killed Menkaure
  3786 | D:5      | Reached skill level 10 in Axes
  3931 | D:5      | Reached skill level 11 in Axes
  3939 | D:5      | Reached XP level 8. HP: 25/66 MP: 7/7
  4271 | D:5      | Became a worshipper of Warmaster Okawaru
  4371 | D:6      | Reached skill level 12 in Axes
  4803 | D:6      | Found a staircase to the Ecumenical Temple.
  4888 | D:6      | Reached * piety under Okawaru
  5051 | D:6      | Reached skill level 13 in Axes
  5502 | D:7      | Found a stormy altar of Qazlal.
  5528 | D:7      | Reached ** piety under Okawaru
  5533 | D:7      | Reached XP level 9. HP: 68/71 MP: 8/8
  5566 | D:7      | Reached skill level 14 in Axes
  5869 | D:7      | Found a basalt altar of Yredelemnul.
  6119 | D:8      | Found Quved's Magic Scroll Emporium.
  6156 | D:8      | Reached skill level 15 in Axes
  6384 | D:8      | Reached *** piety under Okawaru
  6420 | D:8      | Noticed Amaemon
  6420 | D:8      | Noticed an orange demon
  6433 | D:8      | Succumbed to Amaemon's poison

Illustrated notes

Levels and vault maps discovered:
D:1:      dpeg_arrival_more_subterranean_lakeside_camping, layout_basic,
          hellmonk_ecumenical_altar_arch_garden, hangedman_abyss_or_decor_stabs,
          chequers_serial_rivers_small_3, hex_large
D:2:      layout_basic
D:3:      layout_basic, mainiacjoe_overflow_alcove_3
D:4:      layout_rooms, vehumet_statue
D:5:      layout_rooms, kennysheep_okawaru_gauntlet, serial_bayou_ford_a,
          dreamdust_mushroom_princess, minmay_manual_moon, uniq_menkaure
D:6:      layout_loops_ring, minmay_temple_entry_gardened_gates,
          kennysheep_generic_room_15
D:7:      cheibrodos_helix_gallery, layout_loops_ring,
          nicolae_qazlal_eye_of_the_storm, mainiacjoe_overflow_alcove_2
D:8:      layout_loops_ring, serial_shops, nicolae_shop_hallway_stairs,
          uniq_amaemon

Skill      XL: |  1  2  3  4  5  6  7  8  9 |
---------------+----------------------------+-----
Axes           | 3 4 6 7 8 11 13 15 | 15.5
Fighting       | |  3.8
Armour         | |  3.8
Shields        | |  3.8

Action                     |  1- 3 |  4- 6 |  7- 9 || total
---------------------------+-------+-------+-------++-------
  Melee: War axe           |   104 |    70 |   179 ||   353
         Headbutt          |     7 |    14 |    28 ||    49
    Use: Scroll            |       |       |     7 ||     7
         Potion            |       |       |     3 ||     3
 Armour: Scale mail        |    63 |    65 |    53 ||   181
         Chain mail        |       |       |    67 ||    67
  Dodge: Dodged            |    32 |    26 |    57 ||   115
  Block: Buckler           |    19 |    17 |       ||    36
         Kite shield       |       |       |    87 ||    87

Table legend: (Time is in decaauts)
 A = Elapsed time spent in this place.
 B = Non-inter-level travel time spent in this place.
 C = Inter-level travel time spent in this place.
 D = Time resting spent in this place.
 E = Time spent auto-exploring this place.
 F = Levels seen in this place.
 G = Mean time per level.
                   A        B        C        D        E       F      G
               +--------+--------+--------+--------+--------+-----+--------+
         Total |   6489 |   6330 |    159 |    850 |   4162 |   8 |  811.1 |
       Dungeon |   6489 |   6330 |    159 |    850 |   4162 |   8 |  811.1 |
               +--------+--------+--------+--------+--------+-----+--------+

Top non-repeatable levels by time:
     D:1: 1158 daAuts
     D:3: 1097 daAuts
     D:5: 1050 daAuts
     D:6: 1007 daAuts
     D:7: 779 daAuts
     D:2: 731 daAuts
     D:4: 351 daAuts
     D:8: 313 daAuts
